 Dungeon Crawl Stone Soup version 0.30.1-11-g7821555f0a (webtiles) character file.

Game seed: 1809592478906083186

71 KittyFluff the Trooper (level 4, -1/43 HPs)
             Began as a Gargoyle Berserker on Nov 1, 2023.
             Was a Follower of Trog.
             Slain by Pikel
             ... wielding a +0 whip of freezing
              (2 damage)
             ... on level 4 of the Dungeon.
             The game lasted 00:03:42 (960 turns).

KittyFluff the Trooper (Gargoyle Berserker)          Turns: 960, Time: 00:03:43

Health: -1/43      AC:  7    Str: 22    XL:     4   Next: 24%
Magic:  4/4        EV: 11    Int:  8    God:    Trog [*.....]
Gold:   120        SH:  0    Dex:  9    Spells: 3/3 levels left

rFire   . . .        a - +0 mace
rCold   . . .        (no shield)
rNeg    + . .        j - +0 leather armour
rPois   ∞            (no helmet)
rElec   +            (no cloak)
rCorr   .            (no gloves)
SInv    .            (no boots)
Will    .....        (no amulet) Stlth
                     (no ring)
HPRegen 0.27/turn    (no ring)
MPRegen 0.09/turn

%: no passive effects
@: berserking, very quick
A: sickness immunity, AC +3, negative energy resistance 1, electricity
resistance, torment resistance 1, petrification resistance
a: Renounce Religion, Berserk


You were on level 4 of the Dungeon.
You worshipped Trog.
Trog was aware of your devotion.
You visited 1 branch of the dungeon, and saw 3 of its levels.

You collected 120 gold pieces.

Inventory:

Hand Weapons
 a - a +0 mace (weapon)
Armour
 j - a +0 leather armour (worn)
Scrolls
 b - a scroll of fear {unknown}
 d - a scroll of identify {unknown}
 e - 6 scrolls of teleportation
 f - a scroll of brand weapon {unknown}
 g - a scroll of summoning {unknown}
 h - a scroll of immolation {unknown}
 i - a scroll of acquirement {unknown}
 k - a scroll of fog {unknown}
Potions
 c - a potion of resistance {unknown}


   Skills:
 + Level 3.7 Fighting
 * Level 3.7 Maces & Flails
 * Level 3.2 Armour
 + Level 2.0 Dodging


You had 3 spell levels left.
You didn't know any spells.
Your spell library was empty.

Dungeon Overview and Level Annotations

Branches:
Dungeon (2/15)

Altars:

Annotations:
D:4 Pikel


Innate Abilities, Weirdness & Mutations

You are immune to sickness and miasma.
Your stone body is resilient. (AC +3)
You are immune to poison.
You resist negative energy. (rN+)
You are resistant to electric shocks. (rElec)
You are resistant to unholy torment.
You are immune to petrification.


Message History

A lemure comes into view.
Pikel says, "I'm sure they'll be treated well, anyway."
The lemure hits you.
* * * LOW HITPOINT WARNING * * *
A lemure comes into view.
The lemure moves out of view.
A red film seems to cover your vision as you go berserk!
You feel yourself moving faster!
You feel mighty!
A lemure comes into view.
The lemure misses you.
Pikel cracks his whip.
The lemure shouts!
You hit the lemure.
The lemure is almost dead.
The lemure hits you.
* * * LOW HITPOINT WARNING * * *
You closely miss the lemure.
The lemure is almost dead.
You closely miss the lemure.
The lemure is almost dead.
The lemure hits you but does no damage.
You closely miss the lemure.
The lemure is almost dead.
The lemure barely misses you.
You closely miss the lemure.
The lemure is almost dead.
The lemure closely misses you.
You closely miss the lemure.
The lemure is almost dead.
The lemure barely misses you.
You sock the lemure!
You feel the power of Trog in you as your rage grows.
You kill the lemure!
That felt strangely unrewarding.
The dart slug launches a dart at you.
The slug dart hits you but does no damage.
The lemure hits you.
* * * LOW HITPOINT WARNING * * *
Pikel hits you with a +0 whip of freezing.
You die...

......##...#####.
.................
.##...............
...........####..
#.........# .
#.........#
...#.........#
#..........K####.#
###.......5w@....#
...........55####.#
######.###...# #.
...>..# #.##......$
.. ##...##.. ..
#.... ... ...
##...? ..


You could see Pikel, 3 lemures and a dart slug.

Vanquished Creatures
  A lemure (D:4)
  4 adders
  An ufetubus (D:4)
  A dart slug (D:1)
  2 bats (D:1)
  An endoplasm (D:1)
  A giant cockroach (D:1)
  5 goblins
  2 hobgoblins (D:1)
  4 jackals (D:4)
  A kobold (D:1)
  3 ball pythons (D:1)
  A rat (D:1)
27 creatures vanquished.

Notes
Turn   | Place    | Note
-------+----------+-------------------------------------------
     0 | D:1      | KittyFluff the Gargoyle Berserker began the quest for the
                  | Orb.
     0 | D:1      | Reached XP level 1. HP: 14/14 MP: 1/1
   208 | D:1      | Reached XP level 2. HP: 19/19 MP: 2/2
   713 | D:2      | Reached XP level 3. HP: 16/23 MP: 3/3
   876 | D:2      | You fall into a shaft and drop 2 floors!
   886 | D:4      | Noticed a lemure
   915 | D:4      | Reached XP level 4. HP: 23/29 MP: 4/4
   948 | D:4      | Noticed Pikel
   951 | D:4      | Noticed a lemure
   951 | D:4      | Noticed a lemure
   952 | D:4      | Noticed a lemure
   959 | D:4      | Killed a lemure
   960 | D:4      | HP: 1/43 [lemure[Pikel] (4)]
   960 | D:4      | Slain by Pikel

Illustrated notes

Levels and vault maps discovered:
D:1:      dpeg_arrival_three_bigger_balls, layout_basic
D:2:      layout_loops_ring, minmay_tiny_reverse_x
D:4:      layout_rooms, biasface_ghost_orc_armoury, minmay_between, uniq_pikel

Skill      XL: |  1  2  3 |
---------------+----------+-----
Armour         | 3 |  3.2
Dodging        | 2 |  2.0
Fighting       | |  3.7
Maces & Flails | |  3.7

Action                     |  1- 3 |  4- 6 || total
---------------------------+-------+-------++-------
  Melee: Mace              |    88 |    44 ||   132
 Invoke: Berserk           |     1 |     1 ||     2
    Use: Scroll            |     1 |       ||     1
 Armour: Animal skin       |     9 |       ||     9
         Leather armour    |    37 |    15 ||    52
  Dodge: Dodged            |    96 |    30 ||   126
